 Dungeon Crawl Stone Soup version 0.23-a0-359-g9beedce (webtiles) character file.

265594 Garbasso the Executioner (level 19, -2/188 HPs)
             Began as a Deep Dwarf Gladiator on Oct 23, 2018.
             Was the Champion of Makhleb.
             Killed by the air
             ... invoked by a titan
              (28 damage)
             ... on level 5 of the Vaults.
             The game lasted 02:06:00 (28639 turns).

Garbasso the Executioner (Deep Dwarf Gladiator)    Turns: 28639, Time: 02:06:01

Health: -2/188     AC: 38    Str: 21    XL:     19   Next: 68%
Magic:  9/9        EV:  6    Int: 12    God:    Makhleb [******]
Gold:   1566       SH:  0    Dex: 14    Spells: 18/18 levels left

rFire    + . .     SeeInvis .   a - +3 executioner's axe (freeze)
rCold    + . .     Gourm    .   (shield currently unavailable)
rNeg     + . .     Faith    .   j - +0 gold dragon scales
rPois    +         Spirit   .   Q - +2 hat
rElec    +         Reflect  .   w - +2 cloak
rCorr    .         Harm     .   E - +2 pair of gloves
MR       +++..                  O - +2 pair of boots
Stlth    ..........             S - amulet "Urgheokoi" {Acrobat rElec}
HPRegen  0.00/turn              W - ring of protection from magic
MPRegen  0.11/turn              v - +4 ring of protection

@: non-regenerating, heavily drained
A: damage resistance, heal wounds, dopey 1, negative energy resistance 1, sense
surroundings 3, no regeneration
}: 1/15 runes: serpentine
a: Heal Wounds, Minor Destruction, Lesser Servant of Makhleb, Major Destruction,
Greater Servant of Makhleb, Renounce Religion


You were on level 5 of the Vaults.
You worshipped Makhleb.
Makhleb was exalted by your worship.
You were not hungry.

You visited 6 branches of the dungeon, and saw 33 of its levels.

You collected 4163 gold pieces.
You spent 2597 gold pieces at shops.

Inventory:

Hand Weapons
 a - a +3 executioner's axe of freezing (weapon)
 b - a +1 arbalest of flaming
Missiles
 d - 6 throwing nets
 h - 5 javelins (quivered)
 Y - 370 bolts
Armour
 j - +0 gold dragon scales (worn)
 w - a +2 cloak (worn)
 E - a +2 pair of gloves (worn)
 N - a scarf of resistance
 O - a +2 pair of boots (worn)
 Q - a +2 hat (worn)
Jewellery
 t - an uncursed ring of protection from fire
 v - a +4 ring of protection (right hand)
 y - the ring of Umpo {rF+ Stlth+}
   (You found it on level 15 of the Dungeon)

   [ring of stealth]

   It protects you from fire.
   It makes you more stealthy.
 F - an uncursed ring of flight
 S - the amulet "Urgheokoi" (around neck) {Acrobat rElec}
   (You found it on level 4 of the Vaults)

   [amulet of the acrobat]

   It helps you evade while moving and waiting.
   It insulates you from electricity.
 U - a +4 ring of strength
 W - a ring of protection from magic (left hand)
Wands
 m - a wand of flame (120)
 n - a wand of scattershot (3)
 q - a wand of polymorph (50)
 B - a wand of paralysis (20)
 G - a wand of digging (30)
 J - a wand of enslavement (31)
 M - a wand of iceblast (29)
Scrolls
 k - a scroll of immolation
 l - 23 scrolls of remove curse
 o - 3 scrolls of fear
 s - 10 scrolls of magic mapping
 x - 2 scrolls of enchant armour
 z - 2 scrolls of blinking
 C - 4 scrolls of identify
 K - 4 scrolls of amnesia
 V - a scroll of fog
 X - 17 scrolls of teleportation
 Z - a scroll of brand weapon
Potions
 e - 7 potions of flight
 g - 2 potions of might
 i - a potion of magic
 p - 2 potions of curing
 r - 2 potions of haste
 A - a potion of invisibility
 D - 4 potions of mutation
 H - 3 potions of agility
 I - 8 potions of brilliance
 L - 2 potions of cancellation
 R - 2 potions of heal wounds
Miscellaneous
 c - a phantom mirror
 P - a lightning rod (4/4)
 T - a phial of floods
Comestibles
 f - 47 rations
 u - 3 chunks of flesh


   Skills:
 + Level 15.8(14.1) Fighting
 * Level 24.2(22.3) Axes
 - Level 1.8(0.7) Throwing
 + Level 18.2(16.4) Armour
 - Level 4.0(2.7) Dodging
 - Level 12.7(11.1) Invocations
 - Level 5.1(3.9) Evocations


You had 18 spell levels left.
You didn't know any spells.
Your spell library contained the following spells:

 Spells                   Type           Power        Failure   Level  Hunger
 Animate Skeleton         Necr           N/A          100%        1    ##.....
 Apportation              Tloc           #.....       100%        1    ##.....
 Beastly Appendage        Tmut           #.....       100%        1    ##.....
 Confusing Touch          Hex            #.....       100%        1    ##.....
 Infusion                 Chrm           #...         100%        1    ##.....
 Magic Dart               Conj           #...         100%        1    ##.....
 Pain                     Necr           #...         100%        1    ##.....
 Sandblast                Erth           #.....       100%        1    ##.....
 Summon Small Mammal      Summ           #...         100%        1    ##.....
 Blink                    Tloc           N/A          100%        2    ###....
 Call Imp                 Summ           #.......     100%        2    ###....
 Passwall                 Tmut/Erth      #.......     100%        2    ###....
 Shroud of Golubria       Chrm/Tloc      #.........   100%        2    ###....
 Slow                     Hex            #.......     100%        2    ###....
 Song of Slaying          Chrm           #.......     100%        2    ###....
 Sticks to Snakes         Tmut           #.......     100%        2    ###....
 Conjure Flame            Conj/Fire      #.......     100%        3    ####...
 Mephitic Cloud           Conj/Pois/Air  #.......     100%        3    ####...
 Spectral Weapon          Hex/Chrm       #.......     100%        3    ####...
 Spider Form              Tmut/Pois      #.........   100%        3    ####...
 Stone Arrow              Conj/Erth      #.....       100%        3    ####...
 Vampiric Draining        Necr           #.........   100%        3    ####...
 Animate Dead             Necr           N/A          100%        4    #####..
 Ice Form                 Ice/Tmut       #.......     100%        4    #####..
 Petrify                  Tmut/Erth      #.......     100%        4    #####..
 Blade Hands              Tmut           #.........   100%        5    ######.
 Lee's Rapid Deconstruct  Erth           #.........   100%        5    ######.
 Regeneration             Chrm/Necr      Unusable     N/A         3    N/A

Dungeon Overview and Level Annotations

Branches:
Dungeon (15/15)            Temple (1/1) D:6            Lair (6/6) D:10
  Swamp (0/4) Lair:3        Snake (4/4) Lair:2        Slime (0/5) Lair:6
    Orc (2/2) D:10            Elf (0/3) Orc:2        Vaults (5/5) D:14
  Crypt (0/3) Vaults:2     Depths (0/5) D:15

Altars:
Ashenzari
Cheibriados
Dithmenos
Elyvilon
Fedhas
Gozag
Hepliaklqana
Kikubaaqudgha
Makhleb
Nemelex Xobeh
Okawaru
Qazlal
Ru
Sif Muna
Trog
Uskayaw
Vehumet
Xom
Zin
The Shining One
Beogh
Jiyva

Shops:
D:5 ?   D:7 =   D:13 !   Orc:2 *[(%   Snake:2 [

Portals:
Trove: D:10 (give 6 potions of agility)

Annotations:
D:6 Menkaure
Snake:4 1 runed door, Garbasso's ghost, adept CeWr


Innate Abilities, Weirdness & Mutations

You are resistant to damage.
You can heal yourself by infusing magical energy.
You resist negative energy. (rN+)
You passively map a large area around you.
You do not regenerate.
You are dopey. (Int -2)


Message History

You miss the quicksilver dragon.
The quicksilver dragon is almost dead.
You slice the wolf spider!! You freeze the wolf spider.
You hit the shadow dragon but do no damage.
The quicksilver dragon bites you but does no damage.
The quicksilver dragon closely misses you.
A fire dragon comes into view.
The wolf spider hits you but does no damage.
The wolf spider bites you. The vault warden barely misses you.
You hit the quicksilver dragon but do no damage.
The quicksilver dragon is almost dead.
You hit the shadow dragon. You barely miss the wolf spider.
The quicksilver dragon bites you but does no damage.
The quicksilver dragon claws you but does no damage.
The shadow dragon bites you but does no damage.
The shadow dragon claws you but does no damage. x2
The phantasmal warrior blinks!
The titan waves its arms in wide circles.
The air twists around and strikes you!
You die...

,, *##.#..
#.###)..... , *,
*#.#.. #.###.#...#...
* $ #.###.#.?.#.##...
.###.#...#.###.#... ,
, ##.#...#.###.#
.#... * *
#.[.#.###.#...#.#...
*, *
,#...#s###†#...#.####
. * ,.# ##L#.).#.###.
, , #W@D#.###. . *
*** #Dpp#D###.# .,
.#** , ,*...#p ##C*
..#.# *, * ,* ,# # ,
pC .## , , ,, , ,* ,
.###.* ,, *, , , * #.
,. , , ,, * , , * ,.
*.# , ,* , ,, ** .#*
, , * * *, , * *** ,


You could see a shadow dragon, 2 titans, an ancient lich, a fire dragon, a
quicksilver dragon, 2 vault wardens, a wolf spider, a phantasmal warrior and 2
ironbrand convokers.

Vanquished Creatures
  Nikola (Snake:4)
  2 tentacled monstrosities (Vaults:5)
  A sphinx (Vaults:5)
  3 tengu reavers (Vaults:5)
  Kirke (D:12)
  A storm dragon (Vaults:5)
  4 shadow dragons
  5 nagarajas
  2 fire giants
  5 vault wardens
  A frost giant (Vaults:4)
  4 stone giants
  2 very ugly things (Vaults:5)
  11 ironheart preservers
  An entropy weaver (Vaults:4)
  A deep elf demonologist (Vaults:5)
  A dire elephant (D:15)
  A deep elf annihilator (Vaults:1)
  Azrael (D:15)
  2 ettins (Vaults:5)
  Snorg (D:13)
  2 deep elf death magi (Vaults:4)
  A crystal guardian (Vaults:4)
  A fire dragon (Vaults:4)
  9 yaktaur captains
  Josephine (Orc:2)
  A great orb of eyes (Vaults:5)
  A catoblepas (Lair:6)
  3 ice dragons
  3 hydras
  26 vault guards
  12 naga warriors
  A rakshasa (Vaults:2)
  8 anacondas
  4 centaur warriors
  2 dancing weapons (D:14)
  12 ogre magi
  33 two-headed ogres
  2 death yaks (Lair:6)
  A death knight (Vaults:4)
  Urug (Orc:2)
  2 orc high priests (Orc:2)
  7 naga sharpshooters
  7 deep elf knights
  A shock serpent (Snake:4)
  A shadow wraith (Vaults:2)
  2 salamander mystics (Snake:2)
  12 sea snakes
  2 unseen horrors
  3 wizards
  4 deep trolls (Vaults:4)
  3 naga ritualists
  6 deep elf archers
  9 ironbrand convokers
  A sphinx zombie (Vaults:4)
  A phantasmal warrior (Vaults:5)
  3 mana vipers
  20 deep elf magi
  2 wolf spiders
  A necromancer (Vaults:4)
  10 orc knights
  2 orc sorcerers
  6 cyclopes
  A faun (Lair:2)
  20 ugly things
  13 salamanders
  4 manticores
  4 elephants (Lair:6)
  A centaur zombie (D:14)
  10 vault sentinels
  A meliai (D:15)
  Maurice (Orc:1)
  30 black mambas
  2 gargoyles
  A guardian serpent (shapeshifter) (Vaults:4)
  A torpor snail (Lair:6)
  23 naga magi
  4 guardian serpents
  4 centaur skeletons
  8 spiny frogs
  9 komodo dragons
  4 rime drakes
  4 freezing wraiths
  An efreet (D:15)
  21 yaktaurs
  A redback zombie (D:14)
  4 hornets
  6 trolls
  A queen bee (shapeshifter) (Vaults:2)
  A merfolk (D:15)
  A hornet (shapeshifter) (Vaults:4)
  A raiju (shapeshifter) (Vaults:3)
  2 blink frogs (shapeshifter)
  3 dream sheep (Lair:6)
  24 slime creatures
  5 bog bodies (Lair:3)
  5 blink frogs
  12 hippogriffs
  A stone giant simulacrum (Vaults:4)
  2 vampires
  Sigmund (D:6)
  A tarantella (shapeshifter) (D:15)
  3 wyverns
  2 spriggans (shapeshifter)
  A shadow (D:12)
  2 fire elementals (D:15)
  A yak (shapeshifter) (Vaults:5)
  13 wraiths
  A redback (Vaults:4)
  21 yaks
  7 hogs (D:12)
  Eustachio (D:4)
  4 basilisks
  4 humans (D:6)
  3 steam dragons
  2 hungry ghosts (D:12)
  50 nagas
  A swamp worm (Lair:3)
  7 wargs
  8 water moccasins
  2 acid dragons
  3 hell hounds (D:15)
  A deep troll skeleton (Vaults:4)
  6 porcupines
  49 orc warriors
  2 ice beasts
  A black bear (D:4)
  A black bear (shapeshifter) (Vaults:3)
  A necrophage (D:7)
  9 boggarts
  2 phantoms
  6 sky beasts
  An eye of draining (shapeshifter) (Vaults:1)
  32 ogres
  32 wolves
  13 centaurs
  12 crocodiles
  A big kobold (D:12)
  An elf zombie (D:7)
  2 gnoll sergeants
  A wyvern zombie (D:7)
  21 bullfrogs
  A scorpion (D:8)
  9 killer bees
  19 wights
  3 howler monkeys (D:7)
  14 electric eels
  10 crimson imps
  2 bullfrog zombies
  A quasit (D:7)
  4 human zombies
  2 bullfrog skeletons
  41 orc priests
  Crazy Yiuf (D:7)
  8 hounds
  4 jellies
  Jessica (D:2)
  A human skeleton (D:7)
  4 iguanas
  Ijyb (D:4)
  41 orc wizards
  6 hell rats (Lair:6)
  10 worker ants
  A statue (D:9)
  A hound zombie (D:7)
  A hound skeleton (D:8)
  2 mummies (D:7)
  9 gnolls
  15 adders
  A river rat (D:6)
  3 shadow imps
  A white imp (Orc:2)
  An ooze (D:5)
  2 adder skeletons
  An adder zombie (D:9)
  3 worms
  2 dart slugs
  9 leopard geckos
  140 orcs
  6 giant cockroaches
  6 goblins
  4 hobgoblins
  10 jackals
  9 kobolds
  2 quokkas
  5 ball pythons
  15 bats
  6 frilled lizards
  An orc zombie (D:7)
  8 rats
  4 fungi
  4 plants
1303 creatures vanquished.

Vanquished Creatures (collateral kills)
  Agnes (Snake:3)
  3 nagarajas
  An orc warlord (Orc:2)
  A hydra (Lair:2)
  A vault guard (Vaults:5)
  6 naga warriors
  An anaconda (Snake:3)
  A two-headed ogre (D:9)
  2 shock serpents
  A death yak (Lair:6)
  3 naga sharpshooters
  A salamander mystic (Snake:4)
  An unseen horror (Lair:6)
  2 naga ritualists (Snake:4)
  An orc sorcerer (Orc:2)
  A mana viper (Snake:4)
  A deep elf mage (Orc:2)
  2 oklob plants (Lair:6)
  2 salamanders (Snake:2)
  4 black mambas
  2 elephants (Lair:6)
  12 naga magi
  2 spiny frogs
  A yaktaur (Vaults:5)
  A komodo dragon (Lair:6)
  2 meliai (D:15)
  A polar bear (shapeshifter) (D:12)
  2 blink frogs (Lair:5)
  A hippogriff (Lair:5)
  10 yaks
  8 nagas
  A porcupine (Lair:2)
  A swamp drake (Orc:2)
  5 orc warriors (Orc:2)
  2 water moccasins (Lair:2)
  10 wolves
  A bullfrog (D:15)
  An iron imp (Orc:2)
  An orc priest (Orc:2)
  4 orc wizards
  A bullfrog simulacrum (D:12)
  A shadow imp (Orc:2)
  14 orcs
  2 plants (Lair:6)
122 creatures vanquished.

Vanquished Creatures (others)
  A very ugly thing (D:12)
  A naga mage (Snake:4)
  2 boggarts (Vaults:1)
  2 orc wizards
  An orc (Orc:2)
  4 fungi
  22 plants
33 creatures vanquished.

Grand Total: 1458 creatures vanquished

Notes
Turn   | Place    | Note
-------+----------+-------------------------------------------
     0 | D:1      | Garbasso the Deep Dwarf Gladiator began the quest for the
                  | Orb.
     0 | D:1      | Reached XP level 1. HP: 19/19 MP: 1/1
   216 | D:1      | Reached XP level 2. HP: 26/26 MP: 2/2
   433 | D:1      | Reached skill level 1 in Armour
   589 | D:1      | Reached XP level 3. HP: 29/32 MP: 3/3
   883 | D:2      | Noticed Jessica
   897 | D:2      | Reached skill level 4 in Axes
   902 | D:2      | Killed Jessica
   902 | D:2      | Reached XP level 4. HP: 36/40 MP: 4/4
  1842 | D:3      | Reached XP level 5. HP: 36/46 MP: 4/4
  2132 | D:4      | Noticed Ijyb
  2149 | D:4      | Killed Ijyb
  2179 | D:4      | Reached skill level 5 in Axes
  2312 | D:4      | Noticed a black bear
  2333 | D:4      | Killed a black bear
  2333 | D:4      | Reached XP level 6. HP: 36/56 MP: 5/5
  2671 | D:4      | Reached skill level 1 in Evocations
  2709 | D:4      | Noticed Eustachio
  2733 | D:4      | Killed Eustachio
  2733 | D:4      | Reached skill level 6 in Axes
  2820 | D:4      | Got a shimmering buckler
  2826 | D:4      | Identified the cursed +0 buckler of the Stars {rF+ rN+
                  | Int+3 Stlth-} (You found it on level 4 of the Dungeon)
  2842 | D:4      | Reached XP level 7. HP: 61/62 MP: 6/6
  3057 | D:5      | Entered Level 5 of the Dungeon
  3355 | D:5      | Found a white marble altar of Elyvilon.
  3465 | D:5      | Reached skill level 7 in Axes
  3466 | D:5      | Found a stormy altar of Qazlal.
  3816 | D:5      | Reached XP level 8. HP: 69/72 MP: 8/8
  3904 | D:5      | Found Vogotir's Magic Scroll Shop.
  3907 | D:5      | Bought a scroll of remove curse for 45 gold pieces
  3907 | D:5      | Bought a scroll of identify for 30 gold pieces
  4085 | D:5      | Reached skill level 8 in Axes
  4242 | D:6      | Reached skill level 5 in Armour
  4268 | D:6      | Reached skill level 5 in Evocations
  4270 | D:6      | Reached skill level 5 in Fighting
  4279 | D:6      | Reached skill level 9 in Axes
  4400 | D:6      | Found a staircase to the Ecumenical Temple.
  4405 | D:6      | Noticed Menkaure
  4410 | Temple   | Entered the Ecumenical Temple
  4444 | Temple   | Became a worshipper of Makhleb the Destroyer
  4490 | D:6      | Gained mutation: You passively map the area around you.
                  | [Deep Dwarf growth]
  4490 | D:6      | Reached XP level 9. HP: 78/81 MP: 10/10
  4670 | D:6      | Noticed Sigmund
  4673 | D:6      | Killed Sigmund
  5144 | D:7      | Reached * piety under Makhleb
  5199 | D:7      | Reached skill level 10 in Axes
  5371 | D:7      | Found an ancient bone altar of Kikubaaqudgha.
  5519 | D:7      | Found Xeotib's Jewellery Emporium.
  5527 | D:7      | Bought a cursed amulet of inaccuracy for 26 gold pieces
  5703 | D:7      | Found a runed door.
  5707 | D:7      | Noticed Crazy Yiuf
  5721 | D:7      | Killed Crazy Yiuf
  5778 | D:7      | Reached ** piety under Makhleb
  5793 | D:7      | Reached skill level 11 in Axes
  5793 | D:7      | Reached XP level 10. HP: 72/92 MP: 10/10
  6258 | D:8      | Found a bloodstained altar of Trog.
  6404 | D:8      | Reached skill level 1 in Invocations
  6733 | D:9      | Found a hazy altar of Hepliaklqana.
  6733 | D:9      | Found a hide-covered altar of Uskayaw.
  6983 | D:9      | Reached *** piety under Makhleb
  7177 | D:9      | Found a radiant altar of Vehumet.
  7282 | D:9      | Noticed a two-headed ogre
  7289 | D:9      | Killed a two-headed ogre
  7455 | D:10     | Entered Level 10 of the Dungeon
  7623 | D:10     | Reached skill level 12 in Axes
  7780 | D:10     | Found a staircase to the Lair.
  7835 | D:10     | Gained mutation: You are dopey. (Int -2) [a neqoxec]
  8085 | D:10     | Found a staircase to the Orcish Mines.
  8321 | D:10     | Found a portal to a secret trove of treasure.
  8454 | D:10     | Found a glowing silver altar of Zin.
  8736 | D:10     | Reached XP level 11. HP: 75/100 MP: 8/8
  8741 | D:10     | Reached **** piety under Makhleb
  8840 | Lair:1   | Entered Level 1 of the Lair of Beasts
  8886 | Lair:1   | Reached skill level 5 in Invocations
  9492 | Lair:2   | Found a staircase to the Snake Pit.
  9691 | Lair:2   | Got a jewelled mace
  9692 | Lair:2   | Identified the +10 mace of Sulphur {freeze, rF+ Str+7
                  | Int+4} (You found it on level 2 of the Lair of Beasts)
  9729 | Lair:2   | Reached skill level 13 in Axes
  9752 | Lair:2   | Noticed an eight-headed hydra
  9771 | Lair:2   | Killed an eight-headed hydra
 10483 | Lair:3   | Reached XP level 12. HP: 71/112 MP: 7/7
 10537 | Lair:3   | Found the +2 Maxwell's thermic engine {flame, freeze}
 10817 | Lair:3   | Reached skill level 14 in Axes
 10828 | Lair:3   | Reached skill level 10 in Armour
 11086 | Lair:3   | Found a staircase to the Swamp.
 11504 | Lair:4   | Noticed a six-headed hydra
 11512 | Lair:4   | Killed a six-headed hydra
 12176 | Lair:5   | Noticed a five-headed hydra
 12183 | Lair:5   | Killed a five-headed hydra
 12329 | Lair:5   | Reached skill level 15 in Axes
 12671 | Lair:6   | Entered Level 6 of the Lair of Beasts
 12917 | Lair:6   | Noticed a death yak
 12918 | Lair:6   | Noticed a death yak
 12928 | Lair:6   | Killed a death yak
 12928 | Lair:6   | Reached XP level 13. HP: 72/122 MP: 7/7
 12937 | Lair:6   | Reached skill level 10 in Invocations
 13174 | Lair:6   | Reached ***** piety under Makhleb
 13182 | Lair:6   | Reached skill level 10 in Fighting
 13266 | Lair:6   | Found a viscous altar of Jiyva.
 13267 | Lair:6   | Found a staircase to the Slime Pits.
 13344 | Lair:6   | Reached skill level 16 in Axes
 13928 | Orc:1    | Entered Level 1 of the Orcish Mines
 13930 | Orc:1    | Noticed Maurice
 14114 | Orc:2    | Entered Level 2 of the Orcish Mines
 14401 | Orc:2    | Found a roughly hewn altar of Beogh.
 14416 | Orc:2    | Found Quridiso's General Store.
 14424 | Orc:2    | Bought a scroll of identify for 28 gold pieces
 14424 | Orc:2    | Bought a potion of curing for 42 gold pieces
 14424 | Orc:2    | Bought a scroll of teleportation for 42 gold pieces
 14632 | Orc:2    | Found a staircase to the Elven Halls.
 14685 | Orc:2    | Noticed Josephine
 14708 | Orc:2    | Killed Josephine
 14840 | Orc:2    | Found a roughly hewn altar of Beogh.
 14841 | Orc:2    | Found Namek's Food Boutique.
 14892 | Orc:2    | Noticed Urug
 14907 | Orc:2    | Killed Urug
 14925 | Orc:2    | Gained mutation: You resist negative energy. (rN+) [Deep
                  | Dwarf growth]
 14925 | Orc:2    | Reached XP level 14. HP: 95/133 MP: 9/9
 14934 | Orc:2    | Noticed an orc warlord
 14959 | Orc:2    | Killed an orc warlord
 14995 | Orc:2    | Found Zaschoupn's Antique Armour Shop.
 14996 | Orc:2    | Found a roughly hewn altar of Beogh.
 14999 | Orc:2    | Found Kimang's Antique Weapon Boutique.
 15045 | Orc:2    | Found a roughly hewn altar of Beogh.
 15208 | Orc:2    | Found a roughly hewn altar of Beogh.
 15358 | Orc:1    | Killed Maurice
 15944 | D:11     | Reached ****** piety under Makhleb
 16259 | D:11     | You fall through a shaft!
 16288 | D:12     | Reached skill level 17 in Axes
 16397 | D:12     | Noticed Kirke
 16417 | D:12     | Killed Kirke
 16439 | D:12     | Noticed a cyan very ugly thing
 16552 | D:12     | Found an ancient bone altar of Kikubaaqudgha.
 16577 | D:12     | Identified a scroll of acquirement
 16828 | Orc:2    | Bought gold dragon scales for 1760 gold pieces
 16979 | D:7      | Bought a +4 ring of protection for 468 gold pieces
 18020 | D:13     | Noticed Snorg
 18029 | D:13     | Killed Snorg
 18121 | D:13     | Found Joegetil's Distillery.
 18136 | D:13     | Bought a potion of agility for 52 gold pieces
 18136 | D:13     | Bought a potion of heal wounds for 65 gold pieces
 18136 | D:13     | Bought a potion of curing for 39 gold pieces
 18746 | D:14     | Found an iron altar of Okawaru.
 18774 | D:14     | Found a shadowy altar of Dithmenos.
 18801 | D:14     | Found a sacrificial altar of Ru.
 18873 | D:14     | Found a gate to the Vaults.
 18903 | D:14     | Reached skill level 18 in Axes
 19346 | D:15     | Entered Level 15 of the Dungeon
 19359 | D:15     | Reached XP level 15. HP: 142/142 MP: 11/11
 19482 | D:15     | Found a staircase to the Depths.
 19664 | D:15     | Noticed Azrael
 19678 | D:15     | Killed Azrael
 19915 | D:15     | Got a bound turquoise ring
 19916 | D:15     | Identified the ring of Umpo {rF+ Stlth+} (You found it on
                  | level 15 of the Dungeon)
 20102 | Snake:1  | Entered Level 1 of the Snake Pit
 20332 | Snake:1  | Reached skill level 19 in Axes
 20994 | Snake:2  | Noticed a nagaraja
 21010 | Snake:2  | Killed a nagaraja
 21040 | Snake:2  | Reached XP level 16. HP: 52/154 MP: 10/10
 21242 | Snake:2  | Found Gecamame's Antique Armour Shoppe.
 21568 | Snake:3  | Noticed Agnes
 21575 | Snake:3  | Killed Agnes
 21575 | Snake:3  | Reached skill level 20 in Axes
 21984 | Snake:4  | Entered Level 4 of the Snake Pit
 22030 | Snake:4  | Found a stormy altar of Qazlal.
 22110 | Snake:4  | Reached skill level 15 in Armour
 22189 | Snake:4  | Noticed an Executioner
 22385 | Snake:4  | Noticed Nikola
 22412 | Snake:4  | Killed Nikola
 22453 | Snake:4  | Found a runed door.
 22453 | Snake:4  | Found a shimmering altar of Xom.
 22455 | Snake:4  | Noticed Garbasso's ghost (adept CeWr)
 22679 | Snake:4  | Reached XP level 17. HP: 125/164 MP: 9/9
 22799 | Snake:4  | Reached skill level 21 in Axes
 23035 | Snake:4  | Got a serpentine rune of Zot
 23658 | Vaults:1 | Entered Level 1 of the Vaults
 23739 | Vaults:1 | Paralysed by a hornet for 3 turns
 25047 | Vaults:2 | Reached skill level 22 in Axes
 25599 | Vaults:2 | Gained mutation: You passively map a large area around you.
                  | [Deep Dwarf growth]
 25599 | Vaults:2 | Reached XP level 18. HP: 176/176 MP: 10/10
 26038 | Vaults:2 | Found a staircase to the Crypt.
 26634 | Vaults:3 | Identified the +6 great mace "Beastbane" {protect, +Fly
                  | rElec Str-3} (You found it on level 3 of the Vaults)
 27346 | Vaults:4 | Reached skill level 23 in Axes
 27437 | Vaults:4 | Reached skill level 15 in Fighting
 27947 | Vaults:4 | Reached XP level 19. HP: 166/186 MP: 11/11
 28060 | Vaults:4 | Paralysed by a hornet for 1 turns
 28267 | Vaults:4 | Identified the +9 scimitar "Qeolul" {pain, rF+}
 28358 | Vaults:4 | Identified the amulet "Urgheokoi" {Acrobat rElec} (You
                  | found it on level 4 of the Vaults)
 28461 | Vaults:5 | Entered Level 5 of the Vaults
 28533 | Vaults:5 | Reached skill level 24 in Axes
 28612 | Vaults:5 | Identified the +6 flail "Jeomagag" {freeze, Dex+3}
 28612 | Vaults:5 | Noticed a lich
 28636 | Vaults:5 | Noticed an ancient lich
 28639 | Vaults:5 | Killed from afar by a titan

Vault maps used:
D:1:      dpeg_arrival_leaves_temple_mockup, palyth_stone_intersect
D:2:      uniq_jessica
D:4:      first_ration, uniq_ijyb, uniq_eustachio
D:5:      kennysheep_steamy, marbit_many_paths, serial_shops,
          nicolae_shop_behind_doors, elyvilon_altar_3
D:6:      minmay_temple_entry_mist, portal_sewer_entry_e, serial_bayou_lagoon_a,
          minmay_ruffians, uniq_menkaure, uniq_sigmund
D:7:      lemuel_mausoleum_altar_kikubaaqudgha, serial_shops,
          nicolae_shop_statue_plus, uniq_crazy_yiuf_cottage
D:8:      lightli_temple_of_fire
D:9:      vehumet_statue, chequers_temple_overflow_statue_of_worship,
          grunt_ogre_cave, hangedman_abyss_or_decor_passed
D:10:     erik_lair_orcish_takeover, hiddenorc2_lemuel, basic_altar,
          nicolae_trove_entry_diagonal
D:12:     minmay_the_grid_square_5x5_4x4_mashed, uniq_kirke
D:13:     serial_shops, nicolae_shop_crystal, uniq_snorg
D:14:     erik_vaults_1, basic_altar, serial_bayou, serial_bayou_pond_a,
          serial_bayou_pond_d, serial_bayou_pond_d, serial_bayou_shore_a,
          serial_bayou_pond_a, serial_bayou_shore_b, nicolae_ru_awakened_eye,
          grunt_dithmenos_smoke
D:15:     hangedman_depths_entry_try_elsewhere_first, uniq_azrael
Temple:   compressed_dpeg_circular_temple
Lair:1:   grunt_forest_small_clearings, minmay_holes, serial_bayou_pond_d,
          grunt_megastairs_2, infiniplex_staircase_pool
Lair:2:   guppyfry_snake_entry_garden, grunt_forest_large_clearings
Lair:3:   nicolae_swamp_entry_splash_gauntlet
Lair:4:   patterned_corridor, grunt_megastairs_3
Lair:6:   hangedman_lair_in_review, slime_altar_1, minmay_lair_oklob_chamber,
          serial_bayou_shore_b
Snake:1:  nicolae_snake_nest, guppyfry_snake_island, serial_bayou_shore_b
Snake:2:  serial_shops, shop
Snake:3:  hangedman_snake_corridor_split, uniq_agnes
Snake:4:  snake_pit, ebering_ghost_xom, basic_altar, nicolae_snake_single_loop,
          grunt_ministairs_5, nicolae_snake_biting_tails, uniq_nikola
Orc:1:    uniq_maurice
Orc:2:    grunt_orc_community_town_hall, grunt_orc_community_big_house_2,
          grunt_orc_community_big_house_1, grunt_orc_community_house_3,
          grunt_orc_community_house_2, grunt_orc_community_house_3,
          grunt_orc_community_house_2, grunt_orc_community_house_2,
          grunt_orc_community_house_2, hangedman_minor_magic, uniq_josephine,
          uniq_urug
Vaults:1: ontoclasm_vaults_pinch, nicolae_vaults_little_squares_4, v_misc_16,
          v_misc_15, nicolae_vaults_rhombus_5, nicolae_vaults_asterisk
Vaults:2: v_pattern_1, nicolae_vaults_diagonal_hallway_6, v_misc_13,
          nicolae_vaults_little_squares_3, v_misc_28, hangedman_vaults_stagger,
          minmay_crypt_entry_nasty_monster, ontoclasm_vaults_spin, v_misc_19,
          hangedman_vaults_trim, nicolae_vaults_little_squares_3,
          vaults_room_pools, nicolae_vaults_mini_display_case, v_misc_25,
          grunt_vaults_bifocal
Vaults:3: nicolae_vaults_three_branches, nicolae_vaults_sealed_display,
          hangedman_vaults_corner, hangedman_vaults_trim, v_alt_pattern_3,
          nicolae_vaults_circle_grid_a, v_pattern_5, grunt_vaults_hallway_long,
          hangedman_vaults_slice
Vaults:4: vaults_room_grid, hangedman_vaults_nails, ontoclasm_vaults_ring_small,
          nicolae_vaults_little_squares_4, v_rooms_1, nicolae_vaults_alarming,
          nicolae_vaults_little_squares_5, ontoclasm_vaults_eye,
          v_alt_pattern_1, ontoclasm_vaults_gateway
Vaults:5: serial_shops

Skill      XL: |  1  2  3  4  5  6  7  8  9 10 11 12 13 14 15 16 17 18 19 |
---------------+----------------------------------------------------------+-----
Fighting       | 2 3 4 5 6 7 8 9 10 11 12 13 14 15 | 15.8
Armour         | 1 2 3 4 5 7 8 9 11 12 13 14 15 16 17 18 | 18.2
Axes           | 4 5 6 7 9 11 12 13 15 16 18 19 20 22 23 24 | 24.2
Dodging        | 4 |  4.0
Evocations     | 2 3 5 |  5.1
Invocations    | 4 7 9 11 12 | 12.7
Throwing       | |  1.8

Action                   |  1- 3 |  4- 6 |  7- 9 | 10-12 | 13-15 | 16-18 | 19-21 || total
-------------------------+-------+-------+-------+-------+-------+-------+-------++-------
Melee: War axe           |    75 |   217 |   420 |   160 |       |       |       ||   872
       Spear             |       |       |     7 |       |       |       |       ||     7
       Battleaxe         |       |       |       |   756 |   573 |       |       ||  1329
       Mace              |       |       |       |    45 |     5 |       |       ||    50
       Executioner's axe |       |       |       |       |   538 |  1104 |   180 ||  1822
 Fire: Arbalest          |       |       |       |       |       |    11 |       ||    11
Throw: Stone             |     4 |    42 |       |       |       |       |       ||    46
       Tomahawk          |       |       |       |     7 |     4 |       |       ||    11
       Javelin           |       |       |       |       |     4 |       |     1 ||     5
Invok: Lesser Servant of |       |       |       |    17 |    17 |     6 |     3 ||    43
       Minor Destruction |       |       |       |     5 |       |       |       ||     5
       Greater Servant o |       |       |       |       |     1 |    14 |     3 ||    18
 Abil: Heal Wounds       |     1 |     4 |     9 |    27 |     9 |    27 |     6 ||    83
       Evoke Flight      |       |       |       |       |       |     1 |       ||     1
Evoke: Wand              |       |    11 |    42 |    28 |    22 |     4 |       ||   107
       Lightning rod     |       |       |       |       |    11 |     4 |       ||    15
       Phial of floods   |       |       |       |       |       |     1 |       ||     1
  Use: Scroll            |       |       |    12 |    17 |     8 |     7 |     2 ||    46
       Potion            |       |       |       |     2 |     5 |     4 |     2 ||    13
 Stab: Confused          |       |     2 |       |       |       |     1 |       ||     3
       Invisible         |       |       |     1 |       |       |       |       ||     1
       Distracted        |       |       |       |     5 |    12 |    10 |     1 ||    28
       Paralysed         |       |       |       |     8 |     3 |       |       ||    11
       Petrified         |       |       |       |       |     1 |       |       ||     1
  Eat: Chunk             |       |     7 |     7 |    24 |    16 |    17 |     2 ||    73
       Ration            |       |       |     1 |       |     5 |     2 |       ||     8
Armor: Leather armour    |    11 |       |       |       |       |       |       ||    11
       Ring mail         |    41 |    35 |       |       |       |       |       ||    76
       Chain mail        |       |   122 |   239 |   124 |       |       |       ||   485
       Plate armour      |       |       |       |   697 |   544 |       |       ||  1241
       Gold dragon scale |       |       |       |       |   699 |  1409 |   365 ||  2473
Dodge: Dodged            |    69 |   180 |   159 |   404 |   499 |   415 |   121 ||  1847
Block: Buckler           |       |       |    62 |    19 |       |       |       ||    81

Table legend:
 A = Non-vault XP
 B = Vault XP
 C = Vault XP percentage of total XP
 D = Non-vault monster count
 E = Vault monster count
 F = Vault count percentage of total count
                 A         B        C        D         E       F
            +---------+---------+-------+---------+---------+-------
      Total |  263837 |  180149 |  40.6 |     930 |     490 |  34.5
            +---------+---------+-------+---------+---------+-------
        D:1 |      48 |       0 |   0.0 |      20 |       0 |   0.0
        D:2 |      67 |      37 |  35.6 |      19 |       1 |   5.0
        D:3 |      50 |       0 |   0.0 |      21 |       0 |   0.0
        D:4 |     415 |     232 |  35.9 |      17 |       2 |  10.5
        D:5 |     682 |     402 |  37.1 |      28 |       3 |   9.7
        D:6 |     592 |    1023 |  63.3 |      10 |      13 |  56.5
        D:7 |    1072 |     978 |  47.7 |      28 |      13 |  31.7
        D:8 |     577 |       0 |   0.0 |      18 |       0 |   0.0
        D:9 |    1289 |     504 |  28.1 |      18 |      27 |  60.0
       D:10 |    2128 |     896 |  29.6 |      26 |      39 |  60.0
       D:11 |    2397 |       0 |   0.0 |      30 |       0 |   0.0
       D:12 |    4493 |   11894 |  72.6 |      31 |      34 |  52.3
       D:13 |    4430 |    1173 |  20.9 |      29 |       1 |   3.3
       D:14 |    5729 |    1808 |  24.0 |      23 |       2 |   8.0
       D:15 |   11753 |    4766 |  28.9 |      35 |      10 |  22.2
     Lair:1 |    1464 |      93 |   6.0 |      10 |       1 |   9.1
     Lair:2 |    3015 |    4130 |  57.8 |      16 |      35 |  68.6
     Lair:3 |    5281 |    1451 |  21.6 |      23 |       7 |  23.3
     Lair:4 |    1904 |    1891 |  49.8 |      11 |       4 |  26.7
     Lair:5 |    3612 |       0 |   0.0 |      15 |       0 |   0.0
     Lair:6 |    7903 |   10344 |  56.7 |      40 |      23 |  36.5
    Snake:1 |   18703 |    1050 |   5.3 |      38 |       3 |   7.3
    Snake:2 |   23664 |       0 |   0.0 |      45 |       0 |   0.0
    Snake:3 |    8303 |    5847 |  41.3 |      20 |      15 |  42.9
    Snake:4 |   21576 |   29572 |  57.8 |      56 |      49 |  46.7
      Orc:1 |    1495 |     439 |  22.7 |      29 |       1 |   3.3
      Orc:2 |    5300 |    9780 |  64.9 |      47 |      93 |  66.4
   Vaults:1 |   39475 |       0 |   0.0 |      76 |       0 |   0.0
   Vaults:2 |   22738 |   12076 |  34.7 |      46 |      26 |  36.1
   Vaults:3 |   18522 |   18072 |  49.4 |      45 |      21 |  31.8
   Vaults:4 |   29459 |   17903 |  37.8 |      44 |      22 |  33.3
   Vaults:5 |   15701 |   43788 |  73.6 |      16 |      45 |  73.8
            +---------+---------+-------+---------+---------+-------
